 Dungeon Crawl Stone Soup version 0.18-a0-1361-g9293dd1 (webtiles) character file.

46 Duffy the Chopper (level 3, 0/29 HPs)
             Began as a Mummy Fighter on Feb 20, 2016.
             Killed from afar by an orc wizard (3 damage)
             ... with a magic dart
             ... on level 4 of the Dungeon.
             The game lasted 00:01:00 (932 turns).

Duffy the Chopper (Mummy Fighter)                    Turns: 932, Time: 00:01:00

Health: 0/29       AC:  6    Str: 20    XL:     3   Next: 46%
Magic:  3/3        EV:  7    Int:  7    God:
Gold:   15         SH:  8    Dex: 11    Spells: 0 memorised, 2 levels left

rFire  x . .     SeeInvis .     a - +0 war axe
rCold  + . .     Gourm    .     b - +0 scale mail
rNeg   + + +     Faith    .     c - +0 shield
rPois  ∞         Spirit   .     (no helmet)
rElec  .         Dismiss  .     (no cloak)
rCorr  .         Reflect  .     (no gloves)
SustAt .         Harm     .     (no boots)
MR     .....                    (no amulet)
Stlth  ..........               (no ring)
                                (no ring)

@: not resistant to hostile enchantments, extremely unstealthy
A: no food or potions, fire vulnerability, cold resistance 1, negative energy
resistance 3, torment resistance, unbreathing
a: no special abilities


You were on level 4 of the Dungeon.
You were not hungry.

You visited 1 branch of the dungeon, and saw 4 of its levels.

You collected 15 gold pieces.


Innate Abilities, Weirdness & Mutations

You do not eat or drink.
Your flesh is vulnerable to fire.
You are immune to poison.
Your flesh is cold resistant.
You are immune to negative energy.
You are immune to unholy pain and torment.
You can survive without breathing.


   Skills:
 - Level 3.0 Fighting
 + Level 3.2 Axes
 - Level 2.4 Armour
 - Level 2.4 Shields


You had 2 spell levels left.
You didn't know any spells.

Inventory:

Hand Weapons
 a - a +0 war axe (weapon)
Armour
 b - a +0 scale mail (worn)
 c - a +0 shield (worn)
Scrolls
 d - a scroll of identify {unknown}
 e - 2 scrolls of fear {unknown}

Dungeon Overview and Level Annotations

Branches:
Dungeon (4/15)
 Temple: D:4-7

Altars:

Annotations:
D:3 Grinder; tasslehoff34's ghost, amateur SpEn


Message History

The magic dart hits you! The orc wizard hits you with a dagger.
You are too injured to fight recklessly!
You are too injured to fight recklessly!
You are too injured to fight recklessly!
You are too injured to fight recklessly!
You are too injured to fight recklessly!
You are too injured to fight recklessly!
You are too injured to fight recklessly!
You are too injured to fight recklessly!
You are too injured to fight recklessly!
You are too injured to fight recklessly!
You are too injured to fight recklessly!
You are too injured to fight recklessly!
You are too injured to fight recklessly!
You are too injured to fight recklessly!
You are too injured to fight recklessly!
You are too injured to fight recklessly!
You are too injured to fight recklessly!
You are too injured to fight recklessly!
You are too injured to fight recklessly!
You are too injured to fight recklessly!
You are too injured to fight recklessly!
You closely miss the orc wizard.
The orc wizard is heavily wounded.
The orc wizard hits you but does no damage.
You block the orc wizard's attack.
You miss the orc wizard.
The orc wizard is heavily wounded.
The orc wizard closely misses you. The orc wizard hits you with a dagger.
You closely miss the orc wizard.
The orc wizard is heavily wounded.
The orc wizard is no longer moving quickly.
The orc wizard gestures at you while chanting.
The magic dart hits you!
You die...

..#..#<.....+......+
..#..#......#......#
..#..#......#o.....#
..#..#......#......#
..##+##...###......#####
......#...######[.......
......+...#....'........
....(.#...#....#)%......
......########+#@.......
##.............o..[..###
#....)..............+
#...........).......#
#...................#
#...................#
#............%......#
#....############.....
#....# .....


You could see an orc wizard.

Action                   || total
-------------------------++-------
Melee: War axe           ||    65

Notes
Turn   | Place    | Note
--------------------------------------------------------------
     0 | D:1      | Duffy the Mummy Fighter began the quest for the Orb.
     0 | D:1      | Reached XP level 1. HP: 18/18 MP: 1/1
   105 | D:2      | Reached skill level 2 in Axes
   105 | D:2      | Reached XP level 2. HP: 12/24 MP: 2/2
   325 | D:3      | Noticed tasslehoff34's ghost (amateur SpEn)
   326 | D:3      | Noticed Grinder
   519 | D:3      | Reached XP level 3. HP: 13/29 MP: 3/3
   771 | D:4      | Reached skill level 3 in Axes
   932 | D:4      | Killed from afar by an orc wizard

Vault maps used:
D:1:      ncdulo_smallfort
D:2:      kennysheep_big_flooded_room, grunt_temple_overflow_diamond
D:3:      first_bread, uniq_terence, uniq_grinder
D:4:      nicolae_gozag_seed_capital, nemelex_deck, serial_shops,
          nicolae_shop_trees, okawaru_ov_weapons_minmay

Vanquished Creatures
  2 adders
  An ooze
  2 giant geckos
  4 orcs
  A bat
  2 hobgoblins
  A ball python
  A giant newt
  2 goblins
  3 rats
19 creatures vanquished.
